TOP OF THE 1ST |
Tri-City Dust Devils batting - Pitching for Los Angeles (NYP) Dodgers : RHP Junzo Fujii
|
Pitching: RHP Junzo Fujii
|
|
Batting: LHB Ramon Vega
|
0-0: Ball 1-0: Called Strike 1-1: Ball 2-1: SINGLE (Groundball, 6MD, EV 96.9 MPH)
|
Batting: LHB Phil Lerner
|
0-0: Called Strike Ramon Vega is caught stealing 2nd base 2-6 0-1: Reached on error, E3 (Groundball, 34S, EV 85.0 MPH)
|
Batting: RHB Eric McMillian
|
0-0: Ball Phil Lerner is caught stealing 2nd base 2-4 1-0: Swinging Strike 1-1: Foul Ball, location: 2F 1-2: Ball 2-2: Strikes out swinging
|
Top of the 1st over - 0 runs, 1 hit, 1 error, 0 left on base; Tri-City 0 - Los Angeles (NYP) 0 |
BOTTOM OF THE 1ST |
Los Angeles (NYP) Dodgers batting - Pitching for Tri-City Dust Devils : RHP Sean Fowler
|
Pitching: RHP Sean Fowler
|
|
Batting: SHB Alex Noval
|
0-0: Fly out, F8 (Line Drive, 8RM, EV 93.8 MPH)
|
Batting: RHB Adam Maczko
|
0-0: Ball 1-0: Ball 2-0: Called Strike 2-1: Swinging Strike 2-2: SINGLE (Line Drive, 56D, EV 100.0 MPH)
|
Batting: RHB Tommy Hunter
|
0-0: Swinging Strike 0-1: TRIPLE (Flyball, 89XD, EV 112.5 MPH) Adam Maczko scores
|
Batting: RHB Juan Gallegos
|
0-0: Ball 1-0: Foul Ball, location: 2F 1-1: Ball 2-1: Ball 3-1: Called Strike 3-2: DOUBLE (Flyball, 8LXD, EV 104.4 MPH) Tommy Hunter scores
|
Batting: LHB Fernão Manta
|
0-0: Ground out 6-3 (Groundball, 6, EV 83.1 MPH)
|
Batting: RHB Brad Brady
|
0-0: Ball 1-0: Ball 2-0: SINGLE (Groundball, 4MD, EV 94.4 MPH) Juan Gallegos to third Runner from 3rd tries for Home, SAFE, throw by CF to home
|
Batting: RHB Alex Mejia
|
0-0: Ball Brad Brady steals 2nd base 1-0: Called Strike 1-1: Foul Ball, location: 2F 1-2: Strikes out swinging
|
Bottom of the 1st over - 3 runs, 4 hits, 0 errors, 1 left on base; Tri-City 0 - Los Angeles (NYP) 3 |
TOP OF THE 2ND |
Tri-City Dust Devils batting - Pitching for Los Angeles (NYP) Dodgers : RHP Junzo Fujii
|
Batting: LHB Chad Cutler
|
0-0: Swinging Strike 0-1: Ball 1-1: Foul Ball, location: 2F 1-2: Foul Ball, location: 2F 1-2: Foul Ball, location: 2F 1-2: Foul Ball, location: 2F 1-2: Strikes out swinging
|
Batting: RHB Edgardo Rivera
|
0-0: Called Strike 0-1: Ball 1-1: Swinging Strike 1-2: Strikes out swinging
|
Batting: RHB Mike MacLeod
|
0-0: Called Strike 0-1: Foul Ball, location: 2F 0-2: Ball 1-2: Ball 2-2: Foul Ball, location: 2F 2-2: Strikes out looking
|
Top of the 2nd over - 0 runs, 0 hits, 0 errors, 0 left on base; Tri-City 0 - Los Angeles (NYP) 3 |
BOTTOM OF THE 2ND |
Los Angeles (NYP) Dodgers batting - Pitching for Tri-City Dust Devils : RHP Sean Fowler
|
Batting: LHB Bobby Gambrell
|
0-0: Foul Ball, location: 2F 0-1: Ball 1-1: Ball 2-1: DOUBLE (Flyball, 8LXD, EV 96.9 MPH)
|
Batting: RHB Bob Magana
|
0-0: Ball 1-0: Ball 2-0: Foul Ball, location: 2F 2-1: SINGLE (Groundball, 4MD, EV 101.2 MPH) Bobby Gambrell to third
|
Batting: SHB Alex Noval
|
0-0: Ball Passed Ball! Bobby Gambrell scores Bob Magana to second 1-0: Swinging Strike 1-1: SINGLE (Line Drive, 78M, EV 101.9 MPH) Bob Magana to third
|
Batting: RHB Adam Maczko
|
0-0: Called Strike 0-1: Grounds into double play, 4-6-3 (Groundball, 4, EV 78.8 MPH) Bob Magana scores
|
Batting: RHB Tommy Hunter
|
0-0: Called Strike 0-1: Hit by Pitch
|
Batting: RHB Juan Gallegos
|
0-0: Ball 1-0: Called Strike 1-1: Fly out, F8 (Flyball, 8RD, EV 84.4 MPH)
|
Bottom of the 2nd over - 2 runs, 3 hits, 0 errors, 1 left on base; Tri-City 0 - Los Angeles (NYP) 5 |
TOP OF THE 3RD |
Tri-City Dust Devils batting - Pitching for Los Angeles (NYP) Dodgers : RHP Junzo Fujii
|
Batting: SHB Yutaro Takahashi
|
0-0: Ball 1-0: Ball 2-0: Ground out U3 (Groundball, 34, EV 105.6 MPH)
|
Batting: RHB Oren Jones
|
0-0: Ball 1-0: Called Strike 1-1: Foul Ball, location: 2F 1-2: Ball 2-2: Foul Ball, location: 2F 2-2: Foul Ball, location: 2F 2-2: Strikes out swinging
|
Batting: RHB Ed Oake
|
0-0: Ball 1-0: Foul Ball, location: 2F 1-1: Ball 2-1: Called Strike 2-2: Reached on error, E5 (Groundball, 56, EV 100.0 MPH)
|
Batting: LHB Ramon Vega
|
0-0: Called Strike 0-1: Fly out, F7 (Flyball, 7D, EV 78.1 MPH)
|
Top of the 3rd over - 0 runs, 0 hits, 1 error, 1 left on base; Tri-City 0 - Los Angeles (NYP) 5 |
BOTTOM OF THE 3RD |
Los Angeles (NYP) Dodgers batting - Pitching for Tri-City Dust Devils : RHP Sean Fowler
|
Batting: LHB Fernão Manta
|
0-0: Ball 1-0: DOUBLE (Line Drive, 9LS, EV 101.2 MPH)
|
Batting: RHB Brad Brady
|
0-0: Ball Wild Pitch! Fernão Manta to third 1-0: Foul Ball, location: 2F 1-1: Foul Ball, location: 2F 1-2: Ball 2-2: Strikes out swinging
|
Batting: RHB Alex Mejia
|
0-0: Foul Ball, location: 2F 0-1: Ball 1-1: Foul Ball, location: 2F 1-2: Strikes out swinging
|
Batting: LHB Bobby Gambrell
|
0-0: Called Strike 0-1: Called Strike 0-2: Hit by Pitch
|
Batting: RHB Bob Magana
|
0-0: Ball Bobby Gambrell steals 2nd, throwing error, E2 Fernão Manta scores Bobby Gambrell to third 1-0: Foul Ball, location: 2F 1-1: Ground out 4-3 (Groundball, 4, EV 88.1 MPH)
|
Bottom of the 3rd over - 1 run, 1 hit, 1 error, 1 left on base; Tri-City 0 - Los Angeles (NYP) 6 |
TOP OF THE 4TH |
Tri-City Dust Devils batting - Pitching for Los Angeles (NYP) Dodgers : RHP Junzo Fujii
|
Batting: LHB Phil Lerner
|
0-0: Called Strike 0-1: Ball 1-1: Ball 2-1: Swinging Strike 2-2: Strikes out swinging
|
Batting: RHB Eric McMillian
|
0-0: Called Strike 0-1: Ground out 4-3 (Groundball, 34, EV 84.4 MPH)
|
Batting: LHB Chad Cutler
|
0-0: Ground out 4-3 (Groundball, 4S, EV 75.6 MPH)
|
Top of the 4th over - 0 runs, 0 hits, 0 errors, 0 left on base; Tri-City 0 - Los Angeles (NYP) 6 |
BOTTOM OF THE 4TH |
Los Angeles (NYP) Dodgers batting - Pitching for Tri-City Dust Devils : RHP Sean Fowler
|
Batting: SHB Alex Noval
|
0-0: Ball 1-0: Foul Ball, location: 2F 1-1: Ball 2-1: Ball 3-1: Foul Ball, location: 2F 3-2: Strikes out swinging
|
Batting: RHB Adam Maczko
|
0-0: Ball 1-0: Ball 2-0: Swinging Strike 2-1: Called Strike 2-2: Strikes out swinging
|
Batting: RHB Tommy Hunter
|
0-0: Called Strike 0-1: Foul Ball, location: 2F 0-2: Foul Ball, location: 2F 0-2: Ball 1-2: Ground out 6-3 (Groundball, 6, EV 102.5 MPH)
|
Bottom of the 4th over - 0 runs, 0 hits, 0 errors, 0 left on base; Tri-City 0 - Los Angeles (NYP) 6 |
TOP OF THE 5TH |
Tri-City Dust Devils batting - Pitching for Los Angeles (NYP) Dodgers : RHP Junzo Fujii
|
Batting: RHB Edgardo Rivera
|
0-0: Fly out, F9 (Line Drive, 9, EV 95.0 MPH)
|
Batting: RHB Mike MacLeod
|
0-0: Foul Ball, location: 2F 0-1: Ball 1-1: Ball 2-1: Swinging Strike 2-2: Strikes out swinging
|
Batting: SHB Yutaro Takahashi
|
0-0: Called Strike 0-1: DOUBLE (Line Drive, 78D, EV 113.8 MPH)
|
Batting: RHB Oren Jones
|
0-0: Called Strike 0-1: Foul Ball, location: 2F 0-2: Strikes out swinging
|
Top of the 5th over - 0 runs, 1 hit, 0 errors, 1 left on base; Tri-City 0 - Los Angeles (NYP) 6 |
BOTTOM OF THE 5TH |
Los Angeles (NYP) Dodgers batting - Pitching for Tri-City Dust Devils : RHP Sean Fowler
|
Batting: RHB Juan Gallegos
|
0-0: Called Strike 0-1: Ball 1-1: Swinging Strike 1-2: Ground out 5-3 (Groundball, 56, EV 102.5 MPH)
|
Batting: LHB Fernão Manta
|
0-0: Ball 1-0: DOUBLE (Groundball, 3L, EV 101.9 MPH)
|
Batting: RHB Brad Brady
|
0-0: Ball 1-0: Ball 2-0: Swinging Strike 2-1: Foul Ball, location: 2F 2-2: Foul Ball, location: 2F 2-2: Ball 3-2: Foul Ball, location: 2F 3-2: SINGLE (Flyball, 8LS, EV 90.6 MPH) - OUT at second base trying to stretch hit. Fernão Manta scores
|
Pitching: RHP David Koski
|
|
Batting: RHB Alex Mejia
|
0-0: Swinging Strike 0-1: Ball 1-1: Ball 2-1: Swinging Strike 2-2: Foul Ball, location: 2F 2-2: Ball 3-2: Base on Balls
|
Batting: LHB Bobby Gambrell
|
0-0: Ball 1-0: Ball 2-0: Called Strike 2-1: Swinging Strike 2-2: Ball 3-2: Strikes out looking
|
Bottom of the 5th over - 1 run, 2 hits, 0 errors, 1 left on base; Tri-City 0 - Los Angeles (NYP) 7 |
TOP OF THE 6TH |
Tri-City Dust Devils batting - Pitching for Los Angeles (NYP) Dodgers : RHP Junzo Fujii
|
Batting: RHB Ed Oake
|
0-0: Called Strike 0-1: Foul Ball, location: 2F 0-2: Strikes out swinging
|
Batting: LHB Ramon Vega
|
0-0: Called Strike 0-1: Ball 1-1: DOUBLE (Line Drive, 7LD, EV 113.8 MPH)
|
Batting: LHB Phil Lerner
|
0-0: Called Strike 0-1: Ball 1-1: Ball Wild Pitch! Ramon Vega to third 2-1: Foul Ball, location: 2F 2-2: SINGLE (Line Drive, 7LS, EV 111.2 MPH) Ramon Vega scores
|
Batting: RHB Eric McMillian
|
0-0: Fly out, F9 (Flyball, 89M, EV 89.4 MPH)
|
Batting: LHB Chad Cutler
|
0-0: Ball Phil Lerner is caught stealing 2nd base 2-6
|
Top of the 6th over - 1 run, 2 hits, 0 errors, 0 left on base; Tri-City 1 - Los Angeles (NYP) 7 |
BOTTOM OF THE 6TH |
Los Angeles (NYP) Dodgers batting - Pitching for Tri-City Dust Devils : RHP David Koski
|
Batting: RHB Bob Magana
|
0-0: SINGLE (Line Drive, 6MD, EV 109.4 MPH)
|
Batting: SHB Alex Noval
|
0-0: Ball 1-0: Called Strike 1-1: Ball 2-1: Swinging Strike 2-2: Foul Ball, location: 2F 2-2: Strikes out swinging
|
Batting: RHB Adam Maczko
|
0-0: Ball 1-0: Ball 2-0: DOUBLE (Flyball, 89D, EV 106.2 MPH) Bob Magana to third Runner from 3rd tries for Home, throw by CF and OUT! 8-4-2 Adam Maczko to third
|
Batting: RHB Tommy Hunter
|
0-0: Ball 1-0: Ball 2-0: Foul Ball, location: 2F 2-1: Swinging Strike 2-2: Strikes out looking
|
Bottom of the 6th over - 0 runs, 2 hits, 0 errors, 1 left on base; Tri-City 1 - Los Angeles (NYP) 7 |
TOP OF THE 7TH |
Tri-City Dust Devils batting - Pitching for Los Angeles (NYP) Dodgers : RHP Junzo Fujii
|
Batting: LHB Chad Cutler
|
0-0: Called Strike 0-1: Ball 1-1: Foul Ball, location: 2F 1-2: Ball 2-2: Fly out, F7 (Flyball, 78M, EV 91.9 MPH)
|
Batting: RHB Edgardo Rivera
|
0-0: Ball 1-0: Called Strike 1-1: Swinging Strike 1-2: Ground out 5-3 (Groundball, 56S, EV 66.9 MPH)
|
Batting: RHB Mike MacLeod
|
0-0: Called Strike 0-1: Swinging Strike 0-2: Ball 1-2: Ball 2-2: Foul Ball, location: 2F 2-2: Ball 3-2: Base on Balls
|
Pitching: RHP Alfredo Sanchez
|
|
Batting: SHB Yutaro Takahashi
|
0-0: Ball 1-0: Called Strike 1-1: Foul Ball, location: 2F 1-2: Ball 2-2: Strikes out swinging
|
Top of the 7th over - 0 runs, 0 hits, 0 errors, 1 left on base; Tri-City 1 - Los Angeles (NYP) 7 |
BOTTOM OF THE 7TH |
Los Angeles (NYP) Dodgers batting - Pitching for Tri-City Dust Devils : RHP David Koski
|
Batting: RHB Juan Gallegos
|
0-0: Ball 1-0: Swinging Strike 1-1: Called Strike 1-2: Ball 2-2: Strikes out looking
|
Batting: LHB Fernão Manta
|
0-0: Called Strike 0-1: Foul Ball, location: 2F 0-2: Strikes out swinging
|
Batting: RHB Brad Brady
|
0-0: Ball 1-0: SINGLE (Groundball, 4M, EV 103.1 MPH) (infield hit)
|
Batting: RHB Alex Mejia
|
0-0: Called Strike 0-1: Swinging Strike 0-2: Ball 1-2: Foul Ball, location: 2F 1-2: Ball 2-2: Strikes out looking
|
Bottom of the 7th over - 0 runs, 1 hit, 0 errors, 1 left on base; Tri-City 1 - Los Angeles (NYP) 7 |
TOP OF THE 8TH |
Tri-City Dust Devils batting - Pitching for Los Angeles (NYP) Dodgers : RHP Alfredo Sanchez
|
Batting: RHB Oren Jones
|
0-0: Swinging Strike 0-1: Swinging Strike 0-2: Ball 1-2: Ball 2-2: Strikes out swinging
|
Pinch Hitting: SHB Isaiah Scates
|
0-0: Called Strike 0-1: Ball 1-1: Ground out 6-3 (Groundball, 56, EV 103.8 MPH)
|
Batting: LHB Ramon Vega
|
0-0: Foul Ball, location: 2F 0-1: Fly out, F9 (Line Drive, 89S, EV 101.2 MPH)
|
Top of the 8th over - 0 runs, 0 hits, 0 errors, 0 left on base; Tri-City 1 - Los Angeles (NYP) 7 |
BOTTOM OF THE 8TH |
Los Angeles (NYP) Dodgers batting - Pitching for Tri-City Dust Devils : RHP David Koski
|
Now at 3B: Max Stillo
|
|
Batting: LHB Bobby Gambrell
|
0-0: Fly out, F6 (Popup, 6, EV 56.9 MPH)
|
Batting: RHB Bob Magana
|
0-0: Ball 1-0: Ball 2-0: Ball 3-0: Base on Balls
|
Pitching: RHP Jamal Kilburn
|
|
Batting: SHB Alex Noval
|
0-0: Ball 1-0: Ball 2-0: SINGLE (Line Drive, 34, EV 98.1 MPH) Bob Magana to second
|
Batting: RHB Adam Maczko
|
0-0: Swinging Strike 0-1: SINGLE (Line Drive, 9S, EV 95.0 MPH) Bob Magana to third Alex Noval to second
|
Batting: RHB Tommy Hunter
|
0-0: Ball 1-0: DOUBLE (Line Drive, 89XD, EV 98.1 MPH) Bob Magana scores Alex Noval scores Adam Maczko to third
|
Batting: RHB Juan Gallegos
|
0-0: Called Strike 0-1: Ball Wild Pitch! Adam Maczko scores Tommy Hunter to third 1-1: Ball 2-1: Ground out 5-3 (Groundball, 56, EV 96.2 MPH) Tommy Hunter scores
|
Batting: LHB Fernão Manta
|
0-0: Called Strike 0-1: Ball 1-1: Foul Ball, location: 2F 1-2: Strikes out looking
|
Bottom of the 8th over - 4 runs, 3 hits, 0 errors, 0 left on base; Tri-City 1 - Los Angeles (NYP) 11 |
TOP OF THE 9TH |
Tri-City Dust Devils batting - Pitching for Los Angeles (NYP) Dodgers : RHP Alfredo Sanchez
|
Pinch Hitting: RHB Shane Bruce
|
0-0: Ball 1-0: Foul Ball, location: 2F 1-1: Ball 2-1: Foul Ball, location: 2F 2-2: Ball 3-2: Strikes out looking
|
Batting: RHB Eric McMillian
|
0-0: Ball 1-0: Foul Ball, location: 2F 1-1: Foul Ball, location: 2F 1-2: Strikes out swinging
|
Pinch Hitting: RHB Frank Elizondo
|
0-0: Ball 1-0: Ball 2-0: Called Strike 2-1: Ball 3-1: Base on Balls
|
Batting: RHB Edgardo Rivera
|
0-0: Ball 1-0: Called Strike 1-1: Ball 2-1: Called Strike 2-2: Ground out 4-3 (Groundball, 4MS, EV 89.4 MPH)
|
Top of the 9th over - 0 runs, 0 hits, 0 errors, 1 left on base; Tri-City 1 - Los Angeles (NYP) 11 |
|